[Event "Early-Titled-Tuesday-Blitz-April-16-2024"]
[Site "Chess.com"]
[Date "2024.04.16"]
[Round "3"]
[White "AlmasRakhmatullaev"]
[Black "amanjazu"]
[Result "1-0"]
[WhiteElo "2865"]
[BlackElo "2530"]
[TimeControl "180+1"]
[EndTime "8:29:03 PDT"]
[Termination "AlmasRakhmatullaev won on time"]

1. e4 Nf6 2. Nc3 d5 3. e5 Nfd7 4. f4 e6 5. Nf3 c5 6. g3 Nc6 7. Bg2 Be7 8. O-O O-O 9. d3 f6 10.
exf6 Nxf6 11. Kh1 d4 12. Ne4 Nxe4 13. dxe4 e5 14. f5 b6 15. Qe2 a5 16. Rd1 Ba6 17. Qf2 c4 18. g4 Qc7 19. Qg3 Nb4 20. c3 dxc3 21. bxc3 Nd3 22. Be3 Bc5 23. Bxc5 Qxc5 24. Rf1 Qe3 25. Qh4 Bb7 26. Rae1 Nxe1 27. Rxe1 Qxc3 28.
Ng5 h6 29. Ne6 Rf6 30. Rg1 Bc8 31. g5 hxg5 32. Nxg5 Rh6 33. Qg4 Ra7 34. Bf3 Qd2 35. Qg3 Qf4 36. Qf2 c3 37. Qe2 Qd2 38. Qc4+ Be6 39.
Be2 Qxe2 40. Qxe2 1-0

[Event "Early-Titled-Tuesday-Blitz-April-16-2024"]
[Site "Chess.com"]
[Date "2024.04.16"]
[Round "3"]
[White "WilsonPalencia21"]
[Black "VinzentSpitzl"]
[Result "0-1"]
[WhiteElo "2599"]
[BlackElo "2453"]
[TimeControl "180+1"]
[EndTime "8:29:04 PDT"]
[Termination "VinzentSpitzl won by resignation"]

1. d4 Nf6 2. c4 e6 3. Nf3 d5 4.
Nc3 Bb4 5. Bg5 h6 6. Bxf6 Qxf6 7. Qa4+ Nc6 8. e3 O-O 9. Rc1 Bd7 10. Qc2 Rfe8 11. Be2 dxc4 12. O-O e5 13. Nd5 Qd6 14.
Nxb4 Qxb4 15. d5 Na5 16. Bxc4 Nxc4 17. Qxc4 Qxc4 18. Rxc4 Bb5 19. Rxc7 Bxf1 20. Kxf1 e4 21. Nd4 Red8 22. Nf5 Kf8 23. d6 Rac8 24. Rxb7 Rb8 25. Rxb8 Rxb8 26. b3 Rb5 27. g4 h5 28. h3 hxg4 29. hxg4 g6 30. Ne7 Ke8 31. Nc6 a6 32.
Nd4 Rd5 33. Ke2 Rxd6 34. Kd2 Kd7 35. b4 f5 36. gxf5 gxf5 37. Kc3 Rf6 38. f4 exf3 39. Nxf3 Kd6 40. Kd4 Rh6 41. a4 Rh3 42. Nd2 Rh4+ 43. Kc3 Kd5 44. Nb3 Rh3 45. Kd3 f4 46. Nd2 Rxe3+ 0-1

[Event "Early-Titled-Tuesday-Blitz-April-16-2024"]
[Site "Chess.com"]
[Date "2024.04.16"]
[Round "3"]
[White "MathiasWomacka"]
[Black "Devil_Sun"]
[Result "1-0"]
[WhiteElo "2488"]
[BlackElo "2629"]
[TimeControl "180+1"]
[EndTime "8:29:06 PDT"]
[Termination "MathiasWomacka won by resignation"]

1. e4 e6 2. d4 d5 3. Nd2 c5 4. exd5 Qxd5 5. Ngf3 cxd4 6. Bc4 Qd6 7. O-O Nf6 8. Nb3 Nc6 9. Nbxd4 Nxd4 10. Nxd4 a6 11. Re1 Qc7 12. Bf1 Bd6 13. Nf5 Bxh2+ 14. Kh1 Kf8 15. g3 exf5 16. Bf4 Qc6+ 17. Bg2 Qb6 18. Qd6+ Qxd6 19. Bxd6+ Kg8 20. Kxh2 h5 21. Re7 Rh6 22. Bf4 Ng4+ 23. Kg1 Rb6 24. b3 a5 25. Rd1 Be6 26. Rxb7 Rxb7 27. Bxb7 Ra7 28. Rd8+ Kh7 29. Bf3 a4 30.
Ra8 Rxa8 31. Bxa8 axb3 32. axb3 f6 33. c4 g5 34. Bd6 Ne5 35. Kf1 Kg6 36. Ke2 Nxc4 37.
bxc4 Bxc4+ 38. Ke3 Be6 39. Be7 Kf7 40. Bd8 Bc4 41.
Kd4 Be6 42. Bd5 f4 43. gxf4 Bxd5 44. Kxd5 g4 45. f5 h4 46. Bc7 Kg7 47. Ke6 Kh6 48.
Kxf6 Kh5 49. Kg7 Kg5 50. f6 1-0

[Event "Early-Titled-Tuesday-Blitz-April-16-2024"]
[Site "Chess.com"]
[Date "2024.04.16"]
[Round "3"]
[White "flawian2008"]
[Black "C_K_G"]
[Result "1-0"]
[WhiteElo "2565"]
[BlackElo "2286"]
[TimeControl "180+1"]
[EndTime "8:29:06 PDT"]
[Termination "flawian2008 won on time"]

1. d4 d5 2. c4 e6 3. Nf3 Nf6 4.
g3 c6 5. Nbd2 Nbd7 6. Bg2 Bd6 7.
O-O O-O 8. Qc2 b6 9. e4 dxe4 10. Nxe4 Nxe4 11. Qxe4 Bb7 12. Rd1 Nf6 13. Qe2 Qc7 14.
Bg5 Nd7 15. Rac1 c5 16. d5 exd5 17. cxd5 Rfe8 18. Qd2 Ne5 19. Nd4 Qd7 20. Nc6 h6 21. Bf4 Ng6 22. Be3 a6 23. h4 Qg4 24. b3 f5 25. Rc4 f4 26. Qc2 b5 27. Re4 Rac8 28.
Bc1 Bxc6 29. dxc6 Be5 30. Qe2 Qxe2 31. Rxe2 fxg3 32. fxg3 Bd4+ 33. Kf1 Rxe2 34. Kxe2 Re8+ 35. Kd3 Ne5+ 36. Kc2 Ng4 37. Bf4 Re2+ 38. Rd2 Rxd2+ 39. Kxd2 1-0

[Event "Early-Titled-Tuesday-Blitz-April-16-2024"]
[Site "Chess.com"]
[Date "2024.04.16"]
[Round "3"]
[White "H3nriqueTV"]
[Black "BashiqChess"]
[Result "1-0"]
[WhiteElo "2306"]
[BlackElo "2485"]
[TimeControl "180+1"]
[EndTime "8:29:06 PDT"]
[Termination "H3nriqueTV won by resignation"]

1. e4 c6 2. d4 d5 3. Nc3 dxe4 4.
Nxe4 Nf6 5. Ng3 h5 6. h3 h4 7. N3e2 c5 8. c3 Nc6 9. Nf3 Bf5 10. Be3 e6 11. dxc5 Ne4 12. Ned4 Be7 13. Bb5 Rc8 14. Ne5 O-O 15. Bxc6 bxc6 16. Nexc6 Qc7 17. Nxe7+ Qxe7 18. O-O Rfd8 19. Qf3 Bg6 20. c6 Rd5 21. Rfe1 Nf6 22. Bc1 Qc7 23. Qe3 e5 24. Nf3 e4 25. Nxh4 Bh7 26. Qf4 Qxc6 27. Qg3 Rcd8 28. Bg5 Qe6 29. Bxf6 Qxf6 30. Qg4 Rg5 31. Qe2 Re8 32. g3 Rge5 33. Ng2 g5 34. Ne3 Bg6 35. Ng4 Qe6 36. Nxe5 Qxe5 37. Qg4 f6 38. Rad1 Kg7 39. Rd8 Re7 40.
Rd7 Bf5 41. Rxe7+ Kf8 42. Rxe5 Bxg4 43. hxg4 fxe5 44. Rxe4 1-0

[Event "Early-Titled-Tuesday-Blitz-April-16-2024"]
[Site "Chess.com"]
[Date "2024.04.16"]
[Round "3"]
[White "viditchess"]
[Black "francyIM"]
[Result "1-0"]
[WhiteElo "3135"]
[BlackElo "2808"]
[TimeControl "180+1"]
[EndTime "8:29:08 PDT"]
[Termination "viditchess won by resignation"]

1. e4 e6 2. d3 d5 3. Nd2 c5 4. g3 Nc6 5. Bg2 g6 6. f4 Bg7 7. Ngf3 Nge7 8. O-O O-O 9. a4 Rb8 10. e5 a6 11. c3 b5 12. axb5 axb5 13. Qe1 b4 14. g4 bxc3 15. bxc3 d4 16. c4 Nb4 17.
Qh4 Nec6 18. Qh3 h6 19. Ne1 Na5 20. Rb1 Bb7 21. Bxb7 Rxb7 22. Ne4 Na2 23. Rxb7 Nxb7 24. Bd2 Nc3 25. f5 exf5 26. gxf5 gxf5 27. Ng3 Re8 28. Nxf5 Re6 29. Ng2 Rg6 30. Kh1 Qe8 31. Nf4 Qc6+ 32. Qf3 Qxf3+ 33. Rxf3 Rg5 34. Nd5 Rg6 35. Nfe7+ Kh7 36.
Nxg6 fxg6 37. Nxc3 dxc3 38. Bxc3 Nd8 39. Kg2 Kg8 40.
d4 cxd4 41. Bxd4 Nc6 42. Bc3 Nxe5 43. Bxe5 Bxe5 44. c5 1-0

[Event "Early-Titled-Tuesday-Blitz-April-16-2024"]
[Site "Chess.com"]
[Date "2024.04.16"]
[Round "3"]
[White "Naruto75_3"]
[Black "El_Matador12"]
[Result "1-0"]
[WhiteElo "2365"]
[BlackElo "2566"]
[TimeControl "180+1"]
[EndTime "8:29:08 PDT"]
[Termination "Naruto75_3 won by resignation"]

1. d4 d5 2. c4 c6 3. cxd5 cxd5 4. Nc3 Nc6 5. Bf4 Nf6 6. e3 a6 7. Nf3 Bg4 8. Bd3 e6 9. O-O Bd6 10. Bg5 b5 11. Rc1 Qb6 12. a3 Na5 13. Qe2 O-O 14. Bxf6 gxf6 15. e4 Bxf3 16. Qxf3 Qxd4 17. exd5 f5 18.
Rfd1 Qe5 19. g3 Rad8 20. Re1 Qf6 21. Ne4 Qh6 22. Nxd6 Rxd6 23. dxe6 fxe6 24. Rc7 Rfd8 25. Bc2 Nc4 26. Bb3 Qd2 27. Rf1 Qxb2 28. Qf4 Qf6 29. Re1 e5 30. Rxe5 Rd1+ 31. Kg2 Kh8 32. Ree7 Qg6 33. Bxc4 R1d4 34. Qe5+ 1-0

[Event "Early-Titled-Tuesday-Blitz-April-16-2024"]
[Site "Chess.com"]
[Date "2024.04.16"]
[Round "3"]
[White "RojonR"]
[Black "temus_galaktionov"]
[Result "0-1"]
[WhiteElo "2535"]
[BlackElo "2854"]
[TimeControl "180+1"]
[EndTime "8:29:09 PDT"]
[Termination "temus_galaktionov won on time"]

1. e4 c6 2. Nc3 g6 3. Qe2 d6 4.
f4 Bg7 5. Nf3 Nd7 6. g3 e5 7.
Bg2 Ngf6 8. O-O O-O 9. d3 Re8 10. f5 d5 11. Nh4 Qb6+ 12. Kh1 dxe4 13. dxe4 Nc5 14. Rb1 Qa6 15. Qxa6 Nxa6 16. Bg5 Nd7 17. b4 f6 18. Be3 g5 19. Nf3 Bf8 20. b5 Nc7 21. Rfd1 Nc5 22. Bf1 a6 23. Bc4+ Kg7 24. bxc6 bxc6 25. a4 a5 26. Rb6 Ba6 27. Bxa6 Rxa6 28.
Rdb1 Rea8 29. h4 g4 30. Nd2 Kf7 31. Nc4 Be7 32. Rxa6 Rxa6 33. Rb6 Rxb6 34. Nxb6 Nb7 35. Nc4 Ne8 36. Bb6 Bb4 37. Nd1 Ned6 38. Nxd6+ Nxd6 39. c3 Ba3 40. Nf2 Nc4 41. Bc7 h5 42. Nd3 Ke7 43. Kg2 Kd7 44. Bb8 Nb6 45. Ba7 Nxa4 46. c4 Nb2 0-1

[Event "Early-Titled-Tuesday-Blitz-April-16-2024"]
[Site "Chess.com"]
[Date "2024.04.16"]
[Round "3"]
[White "KnightDuta"]
[Black "Payyappat"]
[Result "0-1"]
[WhiteElo "2729"]
[BlackElo "2536"]
[TimeControl "180+1"]
[EndTime "8:29:09 PDT"]
[Termination "Payyappat won on time"]

1. e4 c6 2. d4 d5 3. Nc3 dxe4 4. Nxe4 Nf6 5. Nxf6+ exf6 6. c3 Bd6 7. Bd3 O-O 8.
Qc2 Re8+ 9. Ne2 h5 10. O-O h4 11. h3 Nd7 12. c4 Nf8 13. Nc3 Bc7 14. Be3 Qd6 15.
Rfe1 Qh2+ 16. Kf1 Qh1+ 17. Ke2 Qxg2 18. Be4 Qxh3 19. Rh1 Qg4+ 20. Kd2 Bf4 21. Rag1 Bxe3+ 22. fxe3 Qh5 23. Qc1 Bg4 24. Qe1 g5 25. Qf2 Re6 26.
d5 cxd5 27. Bxd5 Rd8 28. Kc1 Ra6 29. Ne4 Nh7 30. Bxb7 Rxa2 31. Nxf6+ Nxf6 32. Qxf6 Ra1+ 33. Kc2 Bd1+ 34. Kc3 Rc1+ 35. Kb4 Rxc4+ 36. Kxc4 Qe2+ 37. Kb4 Qd2+ 38. Qc3 Qd6+ 39. Qc5 a5+ 40. Kb5 Be2+ 41. Qc4 Qb4+ 42. Ka6 Qxc4+ 0-1

[Event "Early-Titled-Tuesday-Blitz-April-16-2024"]
[Site "Chess.com"]
[Date "2024.04.16"]
[Round "3"]
[White "Bulatova_Kamaliya"]
[Black "RebelJohnny"]
[Result "1-0"]
[WhiteElo "2481"]
[BlackElo "2606"]
[TimeControl "180+1"]
[EndTime "8:29:09 PDT"]
[Termination "Bulatova_Kamaliya won by resignation"]

1. e4 d6 2. d4 Nf6 3. Nc3 c6 4. Bf4 Qa5 5. Qd2 Nbd7 6. f3 e5 7. Be3 Be7 8. Bd3 O-O 9. Nge2 b5 10. O-O Qc7 11. Kh1 Rd8 12. Qe1 b4 13. Nd1 d5 14.
Qg3 Bd6 15. Bh6 g6 16. Qh4 Be7 17. Bg5 Kg7 18. Ne3 h5 19. Ng3 Nf8 20. dxe5 Qxe5 21. f4 Qxb2 22. e5 N8h7 23. exf6+ Bxf6 24. Rab1 Qd4 25.
Rbd1 Bxg5 26. Nxh5+ gxh5 27. Qxh5 Nf8 28. Qxg5+ Kh8 29.
Qxd8 Qg7 30. Qh4+ Kg8 31. Ng4 Bxg4 32. Rde1 f5 33. Re7 Ng6 34. Rxg7+ Kxg7 35. Qg5 Re8 36. Bxf5 Bxf5 37. Qxf5 Rf8 38. Qg5 Kh7 39. f5 Ne5 40. f6 Ng6 41. Qh5+ Kg8 42. Qxg6+ 1-0

[Event "Early-Titled-Tuesday-Blitz-April-16-2024"]
[Site "Chess.com"]
[Date "2024.04.16"]
[Round "3"]
[White "Hui_Li_Macau"]
[Black "Bykov_Egor"]
[Result "1-0"]
[WhiteElo "2401"]
[BlackElo "2581"]
[TimeControl "180+1"]
[EndTime "8:29:09 PDT"]
[Termination "Hui_Li_Macau won by checkmate"]

1. e4 c6 2. d4 d5 3. Nd2 dxe4 4. Nxe4 Bf5 5. Ng3 Bg6 6. h4 h6 7. Nf3 Nd7 8. h5 Bh7 9. Bd3 Bxd3 10. Qxd3 Ngf6 11. Bd2 e6 12. O-O-O Nb6 13. Kb1 Qd5 14. b3 a5 15. c4 Qd8 16. Bc3 Bb4 17. Bb2 O-O 18. Ne4 Nxe4 19. Qxe4 Qe7 20. d5 cxd5 21. Qd4 f6 22. Qxb6 dxc4 23. bxc4 Rfc8 24. Nd4 Ra6 25.
Qb5 Rc5 26. Qa4 Rxc4 27. Qb3 Qc5 28. Rc1 b5 29. a4 Rd6 30. Nxb5 Qf5+ 31. Ka1 Rxc1+ 32.
Rxc1 Rd2 33. Rc8+ Kh7 34. Rc1 Rxf2 35. Nd4 Qg4 36. Nxe6 Qxe6 37. Qxe6 Bd2 38. Qe4+ Kg8 39. Rc8+ Kf7 40. Qd5+ Ke7 41. Rc7+ Ke8 42. Qd7+ Kf8 43. Qf7# 1-0

[Event "Early-Titled-Tuesday-Blitz-April-16-2024"]
[Site "Chess.com"]
[Date "2024.04.16"]
[Round "3"]
[White "andong36"]
[Black "Susal_De_Silva"]
[Result "0-1"]
[WhiteElo "2404"]
[BlackElo "2674"]
[TimeControl "180+1"]
[EndTime "8:29:10 PDT"]
[Termination "Susal_De_Silva won by checkmate"]

1. d4 Nf6 2. Bf4 e6 3. c3 d5 4.
e3 Bd6 5. Bg3 O-O 6. Nd2 c5 7.
Ngf3 b6 8. Ne5 Bb7 9. f4 Nc6 10. Bh4 Ne7 11. Bxf6 gxf6 12. Ng4 f5 13. Ne5 f6 14.
Nef3 Ng6 15. Bd3 e5 16. Bxf5 exf4 17. exf4 Re8+ 18. Kf2 Nxf4 19. g3 Re2+ 20. Kf1 Ba6 21. c4 dxc4 22. gxf4 c3 23. Qb3+ Kh8 24. bxc3 Rxd2+ 25.
Ke1 Bxf4 26. Nxd2 c4 27. Qc2 Qg8 28. Rf1 Qg5 29. Kd1 Re8 30. Nf3 Qh5 31. d5 Bb7 32. Be6 Rxe6 33. dxe6 Bxf3+ 34. Rxf3 Qxf3+ 35. Qe2 Qh1+ 36.
Qe1 Qd5+ 37. Kc2 Qd3+ 38. Kb2 Bd2 39. e7 Qxc3+ 40. Kb1 Qd3+ 41. Kb2 c3+ 42. Kb3 c2+ 43. Kb2 Qc3# 0-1

[Event "Early-Titled-Tuesday-Blitz-April-16-2024"]
[Site "Chess.com"]
[Date "2024.04.16"]
[Round "3"]
[White "kyuotbi"]
[Black "NiranjanNavalgund"]
[Result "0-1"]
[WhiteElo "2262"]
[BlackElo "2496"]
[TimeControl "180+1"]
[EndTime "8:29:10 PDT"]
[Termination "NiranjanNavalgund won on time"]

1. e4 c5 2. Nf3 a6 3. Nc3 g6 4.
d4 cxd4 5. Nxd4 Bg7 6. Be3 Nc6 7.
Qd2 Nf6 8. f3 O-O 9. Bc4 b5 10.
Bb3 d5 11. Nxd5 Nxd4 12. Qxd4 Bb7 13. Nxf6+ Bxf6 14. Qxd8 Rfxd8 15. c3 b4 16. cxb4 Bxb2 17. Rb1 Bc3+ 18. Ke2 a5 19. b5 a4 20. Bc4 Rac8 21.
Bd3 a3 22. Rhc1 Bb2 23. Rd1 Rc3 24. Rd2 Kf8 25. Bh6+ Ke8 26. Rbd1 Bc1 27. Bg7 Bxd2 28. Rxd2 f6 29. e5 fxe5 30. Bxe5 Rc5 31. f4 Bd5 32. Ke3 Bc4 33. Bd4 Rcc8 34. Be4 Bxb5 35. g4 Rc1 36. h4 Re1+ 37. Kf3 Rf1+ 38. Kg3 Re1 39. Kf3 Rh1 40. h5 gxh5 41. Bxh7 h4 42. Bg6+ Kf8 43. Be4 Rd6 44. g5 h3 45. Kg3 Re1 46.
Bf3 h2 47. Kxh2 Bc6 0-1

[Event "Early-Titled-Tuesday-Blitz-April-16-2024"]
[Site "Chess.com"]
[Date "2024.04.16"]
[Round "3"]
[White "RamonManon0g"]
[Black "mertfelin"]
[Result "1-0"]
[WhiteElo "2427"]
[BlackElo "2224"]
[TimeControl "180+1"]
[EndTime "8:29:11 PDT"]
[Termination "RamonManon0g won by checkmate"]

1. e4 e5 2. Nf3 Nc6 3. Bc4 Bc5 4. c3 Nf6 5. d4 exd4 6. e5 d5 7. Bb5 Ne4 8. cxd4 Bb6 9. Nc3 O-O 10. Be3 Bg4 11. Qc2 Nxc3 12. bxc3 f6 13. Bd3 h6 14. Nh4 fxe5 15. Bh7+ Kh8 16. Ng6+ Kxh7 17. Nxf8+ Kg8 18. h3 exd4 19. Qh7+ Kxf8 20. hxg4 dxe3 21. fxe3 Qg5 22. O-O-O Ke7 23. Kb2 Qxg4 24. g3 Na5 25. Ka1 c6 26.
e4 Qxg3 27. Rc1 Nc4 28. exd5 cxd5 29. Rhe1+ Kd6 30. Qf5 Rd8 31. Qf7 Kc6 32. Re6+ Rd6 33.
Qe8+ Kc5 34. Qc8+ Rc6 35. Qf8+ Nd6 36. Ree1 Ba5 37. Kb2 a6 38. Red1 Qg2+ 39. Rc2 Qe4 40. Rd4 Qe1 41. Qf7 Qh1 42. Qxg7 b5 43. Qh8 Nc4+ 44.
Rxc4+ Kxc4 45. Qd4# 1-0

[Event "Early-Titled-Tuesday-Blitz-April-16-2024"]
[Site "Chess.com"]
[Date "2024.04.16"]
[Round "3"]
[White "ActorXu"]
[Black "BigAl"]
[Result "0-1"]
[WhiteElo "2848"]
[BlackElo "2545"]
[TimeControl "180+1"]
[EndTime "8:29:12 PDT"]
[Termination "BigAl won on time"]

1. e4 c6 2. d4 d5 3. e5 Bf5 4. h4 c5 5. dxc5 Nc6 6. g4 Bd7 7.
Qxd5 e6 8. Qe4 Bxc5 9. Nc3 Nd4 10. Rh3 Bc6 11. Qd3 Qb6 12. Be3 Qxb2 13. Rb1 Nxc2+ 14.
Kd2 Qa3 15. Kxc2 Rd8 16. Qc4 Bxe3 17. Rxe3 Nh6 18. Nb5 Qe7 19. Nd6+ Kf8 20. Nf3 Bd5 21. Qb4 a5 22. Qf4 Kg8 23. Ng5 Qd7 24. Bb5 Bc6 25. Bxc6 Qxc6+ 26. Rc3 Qg2 27. Ngxf7 Rf8 28. Nxh6+ gxh6 29. Qxh6 Rxf2+ 30. Kb3 Qd5+ 31. Rc4 Qd3+ 32. Ka4 Rxa2+ 33.
Kb5 Qxb1+ 34. Kc5 Qg1+ 35. Rd4 Rc2+ 36. Nc4 Rxc4+ 37. Kxc4 Qc1+ 38. Kb5 Qxh6 39. Kc4 Qf8 0-1

[Event "Early-Titled-Tuesday-Blitz-April-16-2024"]
[Site "Chess.com"]
[Date "2024.04.16"]
[Round "3"]
[White "aljado"]
[Black "NajdorfPlayerc5"]
[Result "0-1"]
[WhiteElo "2145"]
[BlackElo "2370"]
[TimeControl "180+1"]
[EndTime "8:29:12 PDT"]
[Termination "NajdorfPlayerc5 won on time"]

1. e4 e6 2. d4 d5 3. exd5 exd5 4.
c4 Nc6 5. Nc3 dxc4 6. d5 Ne5 7.
Bf4 Ng6 8. Bg3 Nf6 9. Bxc4 Bd6 10. Nge2 O-O 11. O-O a6 12. a4 Re8 13. Qc2 Bg4 14.
Nd4 Ne5 15. Bb3 Bc5 16. Nf5 Qd7 17. Ne3 Bh5 18. Nc4 Nxc4 19. Bxc4 Bg6 20. Qd2 Rad8 21. Rae1 Bb4 22. Rxe8+ Rxe8 23. Re1 Ne4 24. Qe3 Bc5 25. Qe2 Kf8 26. Qd1 Nxg3 27. hxg3 Rxe1+ 28. Qxe1 Qd6 29. Ne4 Bxe4 30. Qxe4 Qxg3 31. Qe2 Qg5 32. Qf3 Qc1+ 33. Bf1 Qxb2 34. d6 Bxd6 35. Qe4 Qb4 36. Qxh7 Qf4 37. Qh8+ Ke7 38. Qh3 Qf6 39. Qe3+ Qe6 40. Qf3 Qf6 41. Qe3+ Qe6 42. Qf3 f6 0-1

[Event "Early-Titled-Tuesday-Blitz-April-16-2024"]
[Site "Chess.com"]
[Date "2024.04.16"]
[Round "3"]
[White "bubeliang"]
[Black "Djager97"]
[Result "0-1"]
[WhiteElo "2773"]
[BlackElo "2577"]
[TimeControl "180+1"]
[EndTime "8:29:13 PDT"]
[Termination "Djager97 won by checkmate"]

1. e4 e5 2. Nc3 Nf6 3. Bc4 Nc6 4. d3 Bc5 5. h3 d6 6. Nge2 O-O 7. O-O Na5 8. Bg5 Nxc4 9. dxc4 c6 10. Ng3 h6 11.
Bxf6 Qxf6 12. Qe2 Qg6 13. Kh2 f5 14. exf5 Bxf5 15. Nxf5 Rxf5 16. Ne4 Bb6 17. Rad1 Bc7 18. Ng3 Rf4 19. b3 Raf8 20. f3 d5 21. cxd5 e4 22.
Qc4 exf3 23. Qd3 Qd6 24. Kh1 Rd4 25. Qxd4 Qxg3 26. Qg1 f2 27. Rxf2 Qxf2 28. dxc6 bxc6 29. Rd7 Qg3 30. Rd3 Rf1 31. Rxg3 Rxg1+ 32. Kxg1 Bxg3 33. Kf1 Kf7 34. Ke2 Ke6 35. Kd3 Kf5 36. Kc4 Bd6 37.
b4 Kf4 38. a4 Kg3 39. b5 cxb5+ 40. axb5 Kxg2 41. Kd5 Bf4 42. c4 Kxh3 43. Kc6 g5 44.
Kb7 Be3 45. Kc6 g4 46. c5 g3 47. Kd6 Bxc5+ 48. Kxc5 g2 49. Kc6 g1=Q 50. Kb7 Qb6+ 51. Ka8 Qxb5 52. Kxa7 Kg4 53. Ka8 Kf5 54. Ka7 Ke6 55.
Ka8 Kd7 56. Ka7 Kc7 57. Ka8 Qb7# 0-1

[Event "Early-Titled-Tuesday-Blitz-April-16-2024"]
[Site "Chess.com"]
[Date "2024.04.16"]
[Round "3"]
[White "Hasangatin_Ramil"]
[Black "Zarinur"]
[Result "1/2-1/2"]
[WhiteElo "2647"]
[BlackElo "2501"]
[TimeControl "180+1"]
[EndTime "8:29:13 PDT"]
[Termination "Game drawn - insufficient material"]

1. d4 Nf6 2. Nc3 d5 3. Bg5 c6 4.
Nf3 Bf5 5. Bxf6 exf6 6. e3 Nd7 7.
Bd3 Bxd3 8. Qxd3 Be7 9. O-O-O O-O 10. e4 Nb6 11. Kb1 a5 12. Rhe1 a4 13. exd5 cxd5 14. Qb5 Ra6 15. a3 g6 16. Rd3 f5 17. Rde3 Bf6 18.
Re8 Qd6 19. Rxf8+ Kxf8 20. Qc5 Qxc5 21. dxc5 Bxc3 22. bxc3 Nc4 23. Ka2 Re6 24. Rxe6 fxe6 25. Ng5 Ke7 26. Nxh7 Nd2 27. f3 Nf1 28. Kb1 Nxh2 29.
Kc1 Nf1 30. g4 Ne3 31. g5 Nc4 32. Nf6 Nxa3 33. Ng8+ Kf7 34. Nf6 Nb5 35. Nd7 Nxc3 36. Ne5+ Kg7 37. Kb2 Ne2 38. Ka3 Nf4 39. Kxa4 Nh3 40.
Kb5 Nxg5 41. Kb6 Kf6 42. f4 Ne4 43. Nd3 e5 44. fxe5+ Ke6 45. Kxb7 Nxc5+ 46. Nxc5+ Kxe5 47. Kc6 Kd4 48. Ne6+ Kc3 49. Kxd5 Kxc2 50. Ke5 Kd3 51. Kf4 Ke2 52. Nf8 Kd3 53. Nd7 Kc4 54. Ne5+ Kd5 55. Nf3 Kc5 56. Ke5 Kb5 57. Nd4+ Kc4 58. Ne6 Kd3 59.
Kf4 Ke2 60. Ng5 Kf2 61. Nh3+ Kg2 62. Ng5 Kf2 63. Ne6 Kg2 64. Nd4 Kf2 65. Nf3 Ke2 66.
Nh4 Kf2 67. Nxg6 Ke2 68. Ne5 Kf2 69. Nf3 Ke2 70. Ng1+ Kf2 71. Nh3+ Ke2 72. Ng5 Kf2 73. Ne4+ fxe4 74. Kxe4 1/2-1/2

[Event "Early-Titled-Tuesday-Blitz-April-16-2024"]
[Site "Chess.com"]
[Date "2024.04.16"]
[Round "3"]
[White "MatthewG-p4p"]
[Black "JonSnowNW1"]
[Result "1-0"]
[WhiteElo "2856"]
[BlackElo "2536"]
[TimeControl "180+1"]
[EndTime "8:29:14 PDT"]
[Termination "MatthewG-p4p won on time"]

1. f4 d5 2. Nf3 c5 3. g3 Nc6 4.
Bg2 g6 5. O-O Bg7 6. d3 Nf6 7.
Nc3 O-O 8. e4 e6 9. e5 Nd7 10.
d4 cxd4 11. Ne2 f6 12. Nexd4 Nxd4 13. Nxd4 Qb6 14. exf6 Nxf6 15. c3 Bd7 16. Re1 Rae8 17. Kh1 Qd6 18. Be3 a6 19. Bg1 e5 20. fxe5 Rxe5 21. Rxe5 Qxe5 22. Nf3 Qh5 23. Bd4 Ne4 24. Kg1 Bh6 25. Ne5 Qxe5 26. Qb3 Qf5 27. Rf1 Qe6 28. Re1 Bc6 29. Rxe4 Qf7 30. Re1 Bg7 31. Qd1 Re8 32. Rf1 Bxd4+ 33. Qxd4 Qe6 34. Rd1 Rd8 35. c4 Qe2 36.
cxd5 Bb5 37. d6 Bc6 38. Bd5+ Bxd5 39. Qxd5+ Kg7 40. Qxb7+ Kh6 41. Qd5 1-0

[Event "Early-Titled-Tuesday-Blitz-April-16-2024"]
[Site "Chess.com"]
[Date "2024.04.16"]
[Round "3"]
[White "ContrVersia"]
[Black "AlphaGoosee"]
[Result "1-0"]
[WhiteElo "2899"]
[BlackElo "2587"]
[TimeControl "180+1"]
[EndTime "8:29:15 PDT"]
[Termination "ContrVersia won by checkmate"]

1. Nf3 d5 2. c4 dxc4 3. Na3 a6 4. Nxc4 b5 5. Nce5 f6 6. Nd3 e5 7. e4 c5 8. b3 Nc6 9. Ba3 b4 10. Bb2 Bg4 11. Rc1 Nd4 12. Nxc5 Qa5 13. Bxd4 exd4 14. Na4 Bd6 15. Bc4 Ne7 16. h3 Qh5 17. Be2 d3 18.
Bxd3 O-O 19. Be2 Ng6 20. Nd4 Bxe2 21. Qxe2 Qe5 22. Nf3 Qh5 23. Nd4 Qe5 24. Nc6 Qe8 25. Nb6 Nf4 26. Qc4+ Kh8 27. g3 Qh5 28. Nxa8 Qf3 29.
gxf4 Qxh1+ 30. Ke2 Qxh3 31. Nb6 Bxf4 32. Nd5 Qh5+ 33. Kd3 Qf3+ 34. Kc2 Bd6 35. Kb1 Qxf2 36. Qd3 a5 37. Nxa5 Be5 38. Nc4 Bd4 39. Rf1 Qg2 40. Nf4 Qh2 41. Qxd4 Ra8 42. Qd5 Rg8 43. Nd6 h6 44.
Nf7+ Kh7 45. Qf5+ g6 46. Qxf6 Rg7 47. Ne6 Qe2 48. Qxg7# 1-0

[Event "Early-Titled-Tuesday-Blitz-April-16-2024"]
[Site "Chess.com"]
[Date "2024.04.16"]
[Round "3"]
[White "vladislavkovalev"]
[Black "FARIZA2018"]
[Result "1-0"]
[WhiteElo "2874"]
[BlackElo "2536"]
[TimeControl "180+1"]
[EndTime "8:29:15 PDT"]
[Termination "vladislavkovalev won on time"]

1. e4 e5 2. Nf3 Nc6 3. Bb5 a6 4. Ba4 Nf6 5. O-O Be7 6. d3 b5 7. Bb3 O-O 8. Nc3 d6 9. a3 h6 10. h3 Na5 11. Ba2 c5 12. Nd5 Nc6 13. c3 Bb7 14.
Re1 Re8 15. b4 Bf8 16. Be3 cxb4 17. axb4 Nxd5 18. Bxd5 Qc7 19. Nh4 Ne7 20. c4 Bxd5 21. cxd5 Rec8 22. Re2 a5 23. bxa5 Rxa5 24. Rb1 Rca8 25.
Reb2 Qd7 26. Qg4 Qxg4 27. hxg4 Rb8 28. Kf1 g5 29. Nf3 Ng6 30. g3 Be7 31. Ke2 Nf8 32. Bd2 Ra3 33. Rxb5 Rc8 34. Rb7 Bf6 35. Rb8 Rxb8 36.
Rxb8 Kg7 37. Bb4 Ra6 38. Nd2 Nd7 39. Rb7 Nc5 40. Bxc5 dxc5 41. Nc4 Ra8 42. Ne3 Kf8 43. Nf5 Rd8 44. Nxh6 1-0

[Event "Early-Titled-Tuesday-Blitz-April-16-2024"]
[Site "Chess.com"]
[Date "2024.04.16"]
[Round "3"]
[White "lcmil"]
[Black "Aryan_Tamadon"]
[Result "0-1"]
[WhiteElo "2502"]
[BlackElo "2659"]
[TimeControl "180+1"]
[EndTime "8:29:15 PDT"]
[Termination "Aryan_Tamadon won by resignation"]

1. e4 d5 2. exd5 Qxd5 3. Nc3 Qd6 4. d4 Nf6 5. g3 g6 6. Bf4 Qd8 7. Bg2 Bg7 8. Qd3 Nc6 9. d5 Nb8 10. Nb5 Na6 11. Qc4 O-O 12. Nxc7 Nxc7 13. Bxc7 Qd7 14. O-O-O Ne8 15. Bf4 Nd6 16. Qb3 Qc7 17. Nf3 Bf5 18. Nd4 Bg4 19. Rd3 Qc5 20. Be3 Qa5 21. h3 Bd7 22.
Bg5 Rfe8 23. c3 Rac8 24. Kb1 Ba4 25. Qa3 Qa6 26. Bf1 Nc4 27. Qb4 Bf8 28. Rf3 e5 29. dxe6 Bxb4 30. exf7+ Kg7 31. fxe8=Q Rxe8 32. Bf6+ Kh6 33. Bxc4 Qxc4 34. cxb4 Bc6 35. Rc3 Qf7 36. Nxc6 Qxf6 37.
Na5 Re2 38. Rhc1 Qxf2 39. R3c2 Rxc2 40. Rxc2 Qg1+ 41. Rc1 Qxg3 42. Nb3 Qd3+ 43. Ka1 Qxh3 44. a3 Qxb3 0-1

[Event "Early-Titled-Tuesday-Blitz-April-16-2024"]
[Site "Chess.com"]
[Date "2024.04.16"]
[Round "3"]
[White "Jojo_898"]
[Black "RTFrancisco"]
[Result "0-1"]
[WhiteElo "2467"]
[BlackElo "2636"]
[TimeControl "180+1"]
[EndTime "8:29:16 PDT"]
[Termination "RTFrancisco won by resignation"]

1. e4 e5 2. Nf3 Nc6 3. Bc4 Nf6 4. d3 Be7 5. O-O O-O 6. h3 d6 7. a4 Be6 8. Nbd2 h6 9. Re1 Qd7 10.
Nf1 Rfe8 11. Ng3 Bf8 12. c3 g6 13. Be3 a5 14. Qd2 Bxc4 15. dxc4 Kh7 16. Rad1 b6 17.
b3 Nd8 18. Nh2 Ne6 19. Qe2 Bg7 20. Rf1 Nf4 21. Qd2 N6h5 22. Nxh5 Nxh5 23. Ng4 g5 24. g3 f5 25. exf5 Qxf5 26. Kg2 Rf8 27. Qe2 Nf6 28.
Nxf6+ Rxf6 29. Rd5 Raf8 30. Kg1 Qxh3 31. b4 g4 32.
Rfd1 Rf5 33. Qf1 Qxf1+ 34. Kxf1 h5 35. Kg2 Bh6 36. bxa5 Bxe3 37. fxe3 Rf2+ 38. Kg1 bxa5 39. Rxa5 Rc2 40. Ra7 Rf3 41. Rxc7+ Kg6 42. Rxd6+ Kf5 43. Rf7+ Ke4 44. Rxf3 gxf3 45. Re6 Ra2 46. c5 Rxa4 47. c6 Rc4 48. Kf2 Rxc3 49. c7 Rc2+ 50. Kf1 Rxc7 51. Rh6 Rc2 52. Rf6 Kxe3 53. Rf5 e4 0-1